[Event "*** Titled Tuesday 3|2 Blitz"]
[Site "Chess.com"]
[Date "2016.07.05"]
[Round "9"]
[White "stefanodinn"]
[Black "Wolverine_master"]
[Result "1-0"]
[WhiteElo "2243"]
[BlackElo "2032"]
[TimeControl "180+2"]
[EndTime "12:54:42 PDT"]
[Termination "stefanodinn won by checkmate"]

1. e4 d5 2. exd5 Qxd5 3. Nc3 Qd6 4. d4 Nf6 5. Nf3 a6 6. g3 Nc6 7. Bg2 Bg4 8. Be3 O-O-O 9. h3 Bh5 10. O-O e5 11. dxe5 Nxe5 12. Qxd6 Bxd6 13. g4 Bg6 14. Rac1 Nc4 15. Bd4 Bf4 16. Ra1 Bxc2 17. b3 Nd2 18. Nxd2 Rxd4 19. Nf3 Rd3 20. Ne2 Nd5 21. Ne1 Nc3 22. Nxf4 Rd2 23. Nxc2 Rxc2 24. Rfc1 Rxc1+ 25. Rxc1 Nxa2 26. Re1 c6 27. Re7 Rf8 28. Nh5 g6 29. Nf6 Nb4 30. Nxh7 Rd8 31. Rxf7 Rd1+ 32. Kh2 Nd3 33.
Be4 Nc5 34. Bxg6 Rd6 35. Bf5+ Kb8 36. b4 Nd3 37. Bxd3 Rxd3 38. g5 c5 39. bxc5 a5 40.
g6 a4 41. g7 a3 42. g8=Q+ Ka7 43. Qg7 Rb3 44. c6 a2 45. Rxb7+ Ka6 46. Rxb3 Ka5 47. Qa7# 1-0

[Event "*** Titled Tuesday 3|2 Blitz"]
[Site "Chess.com"]
[Date "2016.07.05"]
[Round "9"]
[White "Abrito99"]
[Black "Smirnov_Pavel"]
[Result "1-0"]
[WhiteElo "2359"]
[BlackElo "2536"]
[TimeControl "180+2"]
[EndTime "12:54:48 PDT"]
[Termination "Abrito99 won on time"]

1. e4 c5 2. d4 cxd4 3. c3 dxc3 4. Nxc3 Nc6 5. Nf3 d6 6. Bc4 e6 7. O-O Nf6 8. Qe2 a6 9. Rd1 Qc7 10. Bf4 Ne5 11. Bb5+ axb5 12. Nxe5 dxe5 13. Nxb5 Qb8 14. Qc4 Be7 15. Bxe5 Qxe5 16. Nc7+ Kf8 17. Nxa8 g5 18.
Qxc8+ Kg7 19. Qc7 Qxe4 20. Qxe7 Rxa8 21. a3 Ra5 22. Rac1 Rb5 23. Rc7 Qg6 24. Rc8 Qe4 25. Rc7 Qg6 26. Qxe6 Rxb2 27. Qe5 Rb6 28. h3 Ra6 29. Rdd7 Rxa3 30. Rxf7+ Qxf7 31. Qxg5+ Kf8 32. Qc5+ Kg8 33. Rxf7 Ra1+ 34. Kh2 Kxf7 35. Qc7+ Kg6 36. Qxb7 h5 37. Qb4 Rd1 38. Qf4 Rd5 39. f3 Rf5 40.
Qg3+ Kf7 41. Qb8 h4 42. Qh8 Rh5 43. Qc8 Kg6 44. Qc2+ Kg7 45. Qc4 Kg6 46. Qe6 Kg7 47. f4 Kg6 48. Kg1 Rf5 49. Qd6 Rd5 50. Qc6 Rf5 51. Qc2 Nh5 52. Qc6+ Nf6 53. Qc7 Nd5 54. Qd6+ Nf6 55. Kf2 Kf7 56. Kf3 Kg6 57. Qd3 Nd5 58. Kg4 1-0

[Event "*** Titled Tuesday 3|2 Blitz"]
[Site "Chess.com"]
[Date "2016.07.05"]
[Round "9"]
[White "akinov-akinseye"]
[Black "Schemato"]
[Result "1-0"]
[WhiteElo "1881"]
[BlackElo "2202"]
[TimeControl "180+2"]
[EndTime "12:54:49 PDT"]
[Termination "akinov-akinseye won on time"]

1. a4 c5 2. a5 g6 3. e3 Bg7 4. Nf3 Nc6 5. d4 cxd4 6. exd4 d5 7. a6 b6 8. Bb5 Bd7 9. Na3 Nf6 10. O-O O-O 11. c3 Rc8 12. Re1 Na5 13. Bxd7 Nxd7 14.
Nb5 Nc6 15. Qb3 e6 16. Bg5 Bf6 17. Bf4 Ndb8 18. Nd6 Rc7 19. Nb7 Rxb7 20. axb7 Qd7 21. Rad1 Qxb7 22. Qc2 Nd7 23. Bd6 Rc8 24. h4 Na5 25. Bg3 b5 26. h5 b4 27. hxg6 hxg6 28.
Qd2 Nc4 29. Qc1 bxc3 30. bxc3 a5 31. Qh6 Bg7 32. Qh3 Qc6 33. Rd3 a4 34. Ng5 Nf6 35.
Rf3 Qd7 36. Be5 Qe7 37. Bxf6 Bxf6 38. Qh7+ Kf8 39. Rh3 a3 40. Rxe6 fxe6 41. Qxg6 a2 42. Nh7+ Qxh7 43. Qxf6+ Ke8 44. Rxh7 a1=Q+ 45. Kh2 1-0

[Event "*** Titled Tuesday 3|2 Blitz"]
[Site "Chess.com"]
[Date "2016.07.05"]
[Round "9"]
[White "LazovT"]
[Black "AndreyOstrovskiy"]
[Result "1-0"]
[WhiteElo "2340"]
[BlackElo "2493"]
[TimeControl "180+2"]
[EndTime "12:54:52 PDT"]
[Termination "LazovT won by resignation"]

1. e4 e5 2. Nf3 Nc6 3. d4 exd4 4. Nxd4 Nf6 5. Nxc6 bxc6 6. Bd3 d6 7. O-O Be7 8.
f3 O-O 9. Be3 Nd7 10. Nd2 Ne5 11. Be2 c5 12. Nc4 Bf6 13. Nxe5 Bxe5 14. c3 Rb8 15.
Rb1 Be6 16. f4 Bf6 17. Qa4 Qd7 18. Qa5 Qc6 19. Bf3 Qb6 20. Qa4 a6 21. f5 Bc8 22.
Rfc1 Qb5 23. Qc2 Bb7 24. b4 c4 25. Bd4 Be5 26. a4 Qe8 27. Qe2 Bf4 28. Rd1 Qxa4 29. Qxc4 Rbc8 30. g3 Bg5 31. Qe2 Rfe8 32. h4 Be7 33. c4 Bf8 34. f6 g6 35. g4 Qd7 36. h5 Qe6 37. hxg6 fxg6 38. g5 Bxe4 39.
Re1 d5 40. Bg4 Qf7 41. Bxc8 Rxc8 42. Rb2 c6 43. c5 Qb7 44. Qg4 Re8 45. Qf4 Qd7 46.
Rf2 Qf7 47. Qg3 h5 48. gxh6 Kh7 49. Ra2 Bxh6 50. Rh2 g5 51. Qh3 Qg6 52. Qd7+ Kg8 53. Rxh6 1-0

[Event "*** Titled Tuesday 3|2 Blitz"]
[Site "Chess.com"]
[Date "2016.07.05"]
[Round "9"]
[White "Cayse"]
[Black "ZapataCharlesS"]
[Result "1-0"]
[WhiteElo "2579"]
[BlackElo "2473"]
[TimeControl "180+2"]
[EndTime "12:54:57 PDT"]
[Termination "Cayse won by resignation"]

1. e4 c5 2. Nf3 d6 3. Bb5+ Bd7 4.
Bxd7+ Qxd7 5. c4 Nc6 6. d4 cxd4 7. Nxd4 Nf6 8. Nc3 Qg4 9. Qxg4 Nxg4 10. Nxc6 bxc6 11.
Ke2 g6 12. f3 Ne5 13. b3 Bg7 14. Bd2 O-O 15. Rac1 a5 16. Be3 c5 17. Na4 Rfb8 18. Rhd1 Nc6 19. f4 Nd4+ 20. Kf2 e6 21. Rd3 e5 22.
Bxd4 exd4 23. Kf3 Rb4 24. Rd2 Re8 25. Re2 f6 26. Rd1 Kf7 27. g4 h6 28. h4 g5 29.
f5 Re7 30. Nb2 Rb8 31. Rh1 Ra8 32. Nd3 a4 33. b4 cxb4 34. Nxb4 Rb7 35. Nd3 a3 36.
hxg5 hxg5 37. Rc2 Rc8 38. Rd1 Rh8 39. Nf2 Rb2 40. Re2 Bf8 41. Rxd4 Be7 42. Rdd2 Rb1 43. Rd3 Ra8 44. Nd1 Rh8 45. Kg2 Rh4 46. Nf2 Rh8 47. Rxa3 d5 48. Ra7 dxc4 49. e5 fxe5 50. Rxe5 Re8 51.
Ne4 Kf8 52. f6 Bb4 53. Rxe8+ Kxe8 54. Nxg5 Rg1+ 55. Kxg1 Bc5+ 56. Kf1 Bxa7 57. Ke2 Bd4 58. f7+ Ke7 59. f8=Q+ 1-0

[Event "*** Titled Tuesday 3|2 Blitz"]
[Site "Chess.com"]
[Date "2016.07.05"]
[Round "9"]
[White "Usurpov"]
[Black "theprosecution1"]
[Result "0-1"]
[WhiteElo "2353"]
[BlackElo "2527"]
[TimeControl "180+2"]
[EndTime "12:55:04 PDT"]
[Termination "theprosecution1 won by resignation"]

1. e4 c5 2. Nf3 d6 3. Bb5+ Nd7 4. d4 cxd4 5. Qxd4 a6 6. Bxd7+ Bxd7 7. Nc3 Rc8 8. Bg5 h6 9. Be3 e5 10. Qd2 Nf6 11. a4 Qa5 12. O-O Rxc3 13. Qxc3 Qxc3 14. bxc3 Nxe4 15. c4 Be7 16. Nd2 Nxd2 17. Bxd2 f5 18.
Rfd1 Kf7 19. Bb4 Ke6 20. Ra3 Bc6 21. a5 f4 22. Rad3 Rd8 23. f3 g5 24. Kf2 h5 25.
h3 g4 26. hxg4 hxg4 27. Rh1 g3+ 28. Ke2 e4 29. Rh6+ Kf5 30. fxe4+ Bxe4 31. Rh7 Bf6 32. Rf7 Ke6 33. Rxf6+ Kxf6 34. Rxd6+ Rxd6 35. Bxd6 Kf5 36. Kf1 Bxc2 37. Bc7 Bd3+ 38. Ke1 Bxc4 39. Bb6 Ke4 40. Bc5 Bd5 41. Bb6 Bc4 42. Bc5 Bb5 43. Bb6 Bc6 44.
Kf1 Kf5 45. Kg1 Kg4 46. Bc7 Be4 47. Bb6 Bc6 48. Kf1 Kf5 49. Kg1 Ke4 50. Kf1 Kd3 51.
Ke1 Bxg2 52. Bc7 Ke4 53. Ke2 Bf3+ 54. Kf1 Bg4 55. Kg1 Bd7 56. Kf1 Bb5+ 57. Kg1 Bc6 58. Bb8 Kf5 59. Bc7 Kg4 60. Bb8 f3 0-1

[Event "*** Titled Tuesday 3|2 Blitz"]
[Site "Chess.com"]
[Date "2016.07.05"]
[Round "9"]
[White "WanderingPuppet"]
[Black "PowerThinking2650"]
[Result "0-1"]
[WhiteElo "2272"]
[BlackElo "2162"]
[TimeControl "180+2"]
[EndTime "12:55:09 PDT"]
[Termination "PowerThinking2650 won by resignation"]

1. e4 e5 2. Nf3 Nc6 3. Bb5 a6 4. Ba4 Nf6 5. O-O Be7 6. Re1 b5 7. Bb3 d6 8. c3 O-O 9. h3 Bb7 10.
d4 Re8 11. Nbd2 Bf8 12. Bc2 h6 13. a3 Nb8 14. Qe2 Nbd7 15. d5 c6 16. c4 bxc4 17.
dxc6 Bxc6 18. Nxc4 a5 19. Bd2 a4 20. Rad1 Nc5 21.
Bc3 Qc7 22. Qe3 Bxe4 23. Bxe4 Ncxe4 24. Nb6 Ra6 25. Nd5 Nxd5 26. Rxd5 Nxc3 27. bxc3 Rb8 28. Qd3 Rc6 29. Qd1 Rb3 30. Nh4 g6 31. Qg4 Rc4 32.
Qg3 Rbxc3 33. f3 Qa7+ 34. Kh2 Rc1 35. Nxg6 fxg6 36. Qxg6+ Qg7 37. Rxc1 Rxc1 38. Qd3 Rc7 39.
Qd2 Qg5 40. f4 Qxf4+ 41. Qxf4 exf4 42. Rd4 Ra7 43. Rxf4 Bg7 44. Kg1 d5 45. Kf1 Rf7 46. Rxf7 Kxf7 47. Ke2 Ke6 48. Kd3 Kd6 49. g4 Kc5 50. h4 Bf6 51. g5 hxg5 52. hxg5 0-1

[Event "*** Titled Tuesday 3|2 Blitz"]
[Site "Chess.com"]
[Date "2016.07.05"]
[Round "9"]
[White "Astaneh"]
[Black "Tonychess32"]
[Result "0-1"]
[WhiteElo "2465"]
[BlackElo "2446"]
[TimeControl "180+2"]
[EndTime "12:55:24 PDT"]
[Termination "Tonychess32 won on time"]

1. d4 Nf6 2. Nf3 e6 3. c4 d5 4. Nc3 Bb4 5. Bg5 O-O 6. Qc2 h6 7. Bh4 c5 8. e3 Bxc3+ 9. bxc3 Nbd7 10. cxd5 exd5 11. Bd3 c4 12. Be2 g5 13. Bg3 Ne4 14.
Nd2 Ndf6 15. Be5 Nxd2 16. Qxd2 Ne4 17. Qb2 f6 18. Bg3 Qb6 19. Qc1 Qa5 20. Bf3 f5 21. Bxe4 fxe4 22. O-O Rf7 23. Be5 Bg4 24. Qc2 Raf8 25.
f4 Qd8 26. h3 Bd7 27. fxg5 Qxg5 28. Bf4 Qg6 29. Kh2 Kh7 30. Rf2 h5 31. Raf1 b5 32. Bg3 a5 33. Qe2 Rxf2 34. Rxf2 Rxf2 35. Qxf2 b4 36. Qf8 Qe8 37. Qf6 Be6 38. Be5 Qf7 39.
Qh8+ Kg6 40. cxb4 axb4 41. Bf4 Qd7 42. Be5 Qe7 43. Bf4 Qg7 44. Qe8+ Qf7 45. Qb8 Qe7 46.
Bd6 Qf7 47. Bxb4 Bd7 48. Qg3+ Kh7 49. Qe5 Ba4 50. Be1 Bd7 51. a3 Ba4 52. Kg1 Bd7 53. Bd2 Be6 54. a4 Qg6 55. Kh2 Qf5 56. Qc7+ Qf7 57. Qe5 Qf5 58. Qg3 Qg6 59. Qf4 Qe8 60.
a5 Bc8 61. Qf3 exf3 0-1

[Event "*** Titled Tuesday 3|2 Blitz"]
[Site "Chess.com"]
[Date "2016.07.05"]
[Round "9"]
[White "pedromartinez91"]
[Black "SmoothAsAHedgehog"]
[Result "0-1"]
[WhiteElo "2309"]
[BlackElo "2505"]
[TimeControl "180+2"]
[EndTime "12:55:57 PDT"]
[Termination "SmoothAsAHedgehog won on time"]

1. e4 c5 2. Nf3 g6 3. d4 cxd4 4. Qxd4 Nf6 5. Bb5 a6 6. e5 axb5 7. exf6 Nc6 8. Qd3 exf6 9. O-O d5 10. Nc3 Be6 11. Nxb5 Bg7 12. Be3 O-O 13. Bc5 Re8 14.
Rfe1 Ne5 15. Qe2 Rc8 16. Nxe5 fxe5 17. Ba3 Rc6 18. Rad1 Qh4 19. Nd6 Rb8 20. g3 Qa4 21.
Nb5 Qxc2 22. Rd2 Qa4 23. Red1 Bg4 24. f3 Be6 25. Nc3 Qa7+ 26. Kg2 d4 27. Ne4 f5 28.
Ng5 Bd5 29. h4 h6 30. Nh3 b5 31. Bb4 Rbc8 32. Kh2 Qb7 33. Nf2 Rc4 34. a3 Bxf3 35. Qe1 Bxd1 36. Qxd1 e4 37. Nh3 Rc1 38. Qb3+ Kh7 39.
h5 g5 40. Qe6 e3 41. Qxf5+ Kh8 42. Rg2 Rf8 43. Qg6 Qf7 44. Bxf8 Qxg6 45. hxg6 Bxf8 46. Ng1 d3 47. Nf3 d2 48. Nxd2 exd2 49. Rxd2 Kg7 50. g4 Kxg6 51. Kg2 Bg7 52. Kf3 Rb1 53. Rd6+ Kh7 54.
b4 Rb3+ 55. Ke4 Rxa3 56. Rb6 Rg3 57. Kf5 Rf3+ 58. Ke6 Rf6+ 59. Ke7 Rxb6 0-1

[Event "*** Titled Tuesday 3|2 Blitz"]
[Site "Chess.com"]
[Date "2016.07.05"]
[Round "9"]
[White "Ksenia_Legenko"]
[Black "Blitzstream"]
[Result "1-0"]
[WhiteElo "2080"]
[BlackElo "2445"]
[TimeControl "180+2"]
[EndTime "12:55:57 PDT"]
[Termination "Ksenia_Legenko won by resignation"]

1. d4 d5 2. c4 c6 3. Nf3 Nf6 4. g3 g6 5. Bg2 Bg7 6. O-O O-O 7. Nc3 dxc4 8. Ne5 Nbd7 9. Nxc4 Nb6 10. Ne5 Nbd5 11.
e4 Nxc3 12. bxc3 c5 13. Be3 Nd7 14. Nd3 Qa5 15. Qc2 cxd4 16. cxd4 Nb6 17. Nc5 Nd7 18.
Nb3 Qh5 19. Rac1 Nf6 20. Qc5 Qg4 21. e5 Ne4 22. Qd5 Bf5 23. f3 Qh5 24. fxe4 Be6 25.
Qb5 b6 26. Bf3 Qh3 27. Qe2 a5 28. Bg2 Qg4 29. Qxg4 Bxg4 30. Bf3 Bh3 31. Rfd1 a4 32. Nd2 b5 33. Nb1 b4 34. Rc4 Rfb8 35. Kf2 b3 36.
axb3 a3 37. Nd2 Be6 38. Rcc1 a2 39. d5 Bxe5 40. dxe6 fxe6 41. Ra1 Bb2 42. Ke2 e5 43. Bf2 Kg7 44. Bc5 e6 45. b4 Rd8 46. Rf1 Bc3 47. Nc4 Ra6 48. Rfc1 Bxa1 49. Rxa1 Rda8 50. Nxe5 Ra3 51. Nd3 Rb3 52. Bd4+ Kg8 53. e5 Rb1 54. Bxa8 Rh1 55. Rxh1 1-0

[Event "*** Titled Tuesday 3|2 Blitz"]
[Site "Chess.com"]
[Date "2016.07.05"]
[Round "9"]
[White "platy3"]
[Black "VerdeNotte"]
[Result "1-0"]
[WhiteElo "2695"]
[BlackElo "2617"]
[TimeControl "180+2"]
[EndTime "12:56:06 PDT"]
[Termination "platy3 won by checkmate"]

1. e4 d6 2. d4 g6 3. Nc3 Bg7 4. Be3 a6 5. Qd2 e6 6. O-O-O b5 7. h4 Bb7 8. h5 b4 9. Nce2 Bxe4 10. Qxb4 Nd7 11.
Nc3 Rb8 12. Qa3 Bb7 13. Nf3 Ngf6 14. Bg5 h6 15. hxg6 fxg6 16. Bd2 Nb6 17. Bd3 Kf7 18. Nh4 g5 19. Ng6 Re8 20. f4 g4 21. Nh4 Kg8 22. f5 e5 23. dxe5 dxe5 24. Be3 Qe7 25. Qa5 e4 26. Be2 Qe5 27. Qxe5 Rxe5 28. Bd4 Ree8 29.
a4 Rbd8 30. a5 Nbd5 31. Nxd5 Nxd5 32. Bxg4 e3 33. Bxg7 Kxg7 34. Bf3 Re5 35. Rhe1 Rd6 36. Rd4 c5 37. Rc4 Bc8 38. g4 Nb4 39. Re4 Rxe4 40.
Bxe4 Na2+ 41. Kb1 Nb4 42. b3 Rd2 43. Rxe3 Bd7 44. Ng6 Bb5 45. Nf4 c4 46. Kb2 Rf2 47. Ne6+ Kf6 48. Nd4 cxb3 49. Kxb3 Nxc2 50. Bxc2 Bd7 51.
Bd3 Rf4 52. Kc3 Rxg4 53. Bxa6 Rg1 54. Bd3 Rc1+ 55. Kb2 Rc5 56. a6 Rd5 57. Kc3 Rc5+ 58. Bc4 Ra5 59. Kb4 Ra4+ 60. Kc5 Bc8 61. Re8 Bd7 62.
Rd8 Bxf5 63. Rf8+ Ke7 64. Rxf5 h5 65. Rxh5 Ra5+ 66. Bb5 Kd8 67. Rh7 Kc8 68. a7 Ra1 69. a8=Q+ Rxa8 70. Rh8+ Kb7 71. Bc6+ Kc7 72. Nb5# 1-0

[Event "*** Titled Tuesday 3|2 Blitz"]
[Site "Chess.com"]
[Date "2016.07.05"]
[Round "9"]
[White "Alliswell998"]
[Black "jeaston1"]
[Result "0-1"]
[WhiteElo "2167"]
[BlackElo "2149"]
[TimeControl "180+2"]
[EndTime "12:57:30 PDT"]
[Termination "jeaston1 won by checkmate"]

1. e4 c5 2. Nf3 Nc6 3. d4 cxd4 4. Nxd4 Nf6 5. Nc3 e5 6. Ndb5 d6 7. Bg5 a6 8. Na3 b5 9. Nd5 Be7 10. Bxf6 Bxf6 11. c4 b4 12. Nc2 a5 13. g3 O-O 14.
Bg2 Bg5 15. O-O Kh8 16. Qd3 Ne7 17. f4 Bh6 18. Nce3 Bb7 19. Rad1 Nxd5 20. exd5 Bc8 21. Nf5 Bxf5 22. Qxf5 exf4 23. gxf4 Rc8 24. b3 g6 25. Qd3 Bg7 26. f5 Qg5 27. Kh1 Rfe8 28. Rg1 Qf4 29. Rdf1 Qe5 30. fxg6 fxg6 31. Rf7 Rf8 32. Rgf1 Rxf7 33.
Rxf7 Rf8 34. Qf1 Rxf7 35. Qxf7 Qe1+ 36. Bf1 Qe4+ 37. Bg2 Qe1+ 38. Bf1 Qe4+ 39. Bg2 Qe1+ 40. Qf1 Qxf1+ 41. Bxf1 Bd4 42. Kg2 Kg7 43. Kf3 Kf6 44.
Ke4 Bc5 45. Kf4 h6 46. h3 Bd4 47. Bd3 Bg1 48. Bc2 Bh2+ 49. Ke4 g5 50. Bd1 Bg1 51. Bh5 Bc5 52. Be8 Bb6 53. Bh5 Bc5 54. Be8 Kg7 55. Kf5 Bd4 56. Ke6 Bc5 57. Bh5 Kh7 58.
Kd7 Kg7 59. Kc6 Kf6 60. Kb5 Ke5 61. Kxa5 Kd4 62. Kb5 Ke5 63. Kc6 Kf4 64. Kd7 Kg3 65. Bg4 h5 66. Bxh5 Kxh3 67. Ke6 g4 68. Kf5 g3 69. Bf3 g2 70. Bxg2+ Kxg2 71. Ke4 Kf2 72. Kd3 Kf3 73. Kd2 Kf2 74. Kd3 Ke1 75. Kc2 Ke2 76.
Kc1 Kd3 77. Kd1 Kc3 78. Kc1 Be3+ 79. Kb1 Kd2 80. Kb2 Bd4+ 81. Kb1 Kc3 82. Kc1 Be3+ 83. Kb1 Kd2 84. Kb2 Bc5 85. Kb1 Bd4 86. a4 bxa3 87. Ka2 Bc5 88. Kb1 Kc3 89. Ka2 Kc2 90. b4 Bxb4 91.
c5 Bxc5 92. Ka1 Kb3 93. Kb1 a2+ 94. Kc1 a1=Q+ 95. Kd2 Bd4 96. Kd3 Qc3+ 97. Ke4 Qe3+ 98. Kf5 Qe5+ 99. Kg6 Qxd5 100. Kh7 Qe5 101. Kh6 Qg7+ 102. Kh5 Qg3 103. Kh6 Bf6 104. Kh5 Qg5# 0-1